 Dungeon Crawl Stone Soup version 0.21.1-1-g345015fe64 (console) character file.

10832 Kloppie the Grappler (level 11, -3/107 HPs)
             Began as a Troll Monk on Apr 28, 2018.
             Was an Elder of Okawaru.
             Slain by an 11-headed hydra (14 damage)
             ... on level 3 of the Lair of Beasts.
             The game lasted 00:14:16 (9320 turns).

Kloppie the Grappler (Troll Monk)                   Turns: 9320, Time: 00:14:16

Health: -3/107     AC:  7    Str: 21    XL:     11   Next: 41%
Magic:  14/14      EV: 14    Int:  6    God:    Okawaru [****..]
Gold:   737        SH: 16    Dex: 15    Spells: 10/10 levels left

rFire    . . .     SeeInvis .     - Unarmed
rCold    . . .     Gourm    +   z - +6 shield of Repulsion {-Cast rPois MR++ Regen+}
rNeg     . . .     Faith    .   a - +1 robe
rPois    +         Spirit   .   (helmet restricted)
rElec    .         Reflect  .   i - +0 cloak {MR+}
rCorr    .         Harm     .   (gloves unavailable)
MR       +++..     NoCast   +   (boots unavailable)
Stlth    ++........             C - amulet of regeneration
HPRegen  1.47/turn              l - ring of flight
MPRegen  0.14/turn              (no ring)

@: no status effects
A: large, unfitting armour, claws 3, fast metabolism 3, gourmand, regeneration
1, shaggy fur 1, tough skin 2
a: Heroism, Renounce Religion, Evoke Flight


You were on level 3 of the Lair of Beasts.
You worshipped Okawaru.
Okawaru was greatly pleased with you.
You were completely stuffed.

You visited 4 branches of the dungeon, and saw 14 of its levels.

You collected 737 gold pieces.

Inventory:

Armour
 a - a +1 robe (worn)
 i - a +0 cloak of magic resistance (worn)
 z - the +6 shield of Repulsion (worn) {-Cast rPois MR++ Regen+}
   (Okawaru gifted it to you on level 1 of the Lair of Beasts)

   It protects you from poison.
   It affects your resistance to hostile enchantments.
   It prevents spellcasting.
   It increases your rate of regeneration.
Jewellery
 k - an uncursed amulet of faith
 l - a ring of flight (left claw)
 C - an amulet of regeneration (around neck)
Wands
 q - a wand of flame (43)
 t - a wand of random effects (31)
 x - a wand of iceblast (5)
Scrolls
 c - 6 scrolls of remove curse
 d - 7 scrolls of teleportation
 e - 5 scrolls of blinking
 g - 3 scrolls of enchant weapon
 j - a scroll of fear
 u - 2 scrolls of magic mapping
 w - a scroll of amnesia
Potions
 h - a potion of invisibility
 m - a potion of agility
 n - 3 potions of lignification
 o - 2 potions of brilliance
 r - 3 potions of resistance
 s - 3 potions of curing {unknown}
 v - a potion of cancellation {unknown}
Books
 f - a book of Beasts

   Spells                             Type                      Level
   a - Summon Butterflies             Summoning                    1
   b - Call Canine Familiar           Summoning                    3
   c - Summon Ice Beast               Ice/Summoning                4
   d - Summon Mana Viper              Hexes/Summoning              5
   e - Summon Hydra                   Summoning                    7
 p - a book of Conjurations

   Spells                             Type                      Level
   a - Magic Dart                     Conjuration                  1
   b - Searing Ray                    Conjuration                  2
   c - Dazzling Spray                 Conjuration/Hexes            3
   d - Fulminant Prism                Conjuration/Hexes            4
   e - Force Lance                    Conjuration/Translocation    4
   f - Iskenderun's Mystic Blast      Conjuration                  4
 y - a book of Geomancy

   Spells                             Type                      Level
   a - Sandblast                      Earth                        1
   b - Passwall                       Transmutation/Earth          2
   c - Stone Arrow                    Conjuration/Earth            3
   d - Petrify                        Transmutation/Earth          4
   e - Lee's Rapid Deconstruction     Earth                        5
Comestibles
 b - 21 rations
 A - 7 chunks of flesh


   Skills:
 - Level 6.7 Fighting
 - Level 8.6 Dodging
 - Level 1.0 Stealth
 + Level 6.8 Shields
 - Level 9.0 Unarmed Combat
 - Level 5.7 Invocations


You had 10 spell levels left.
You didn't know any spells.

Dungeon Overview and Level Annotations

Branches:
Dungeon (9/15)             Temple (1/1) D:4            Lair (3/6) D:9
 Spider (1/4) Lair:3
  Swamp: Lair:2-4    Shoals: Lair:2-4       Orc: D:9-12

Altars:
Ashenzari
Cheibriados
Dithmenos
Elyvilon
Fedhas
Gozag
Hepliaklqana
Kikubaaqudgha
Makhleb
Nemelex Xobeh
Okawaru
Qazlal
Ru
Sif Muna
Trog
Uskayaw
Vehumet
Wu Jian
Xom
Yredelemnul
Zin
The Shining One

Shops:
D:6 :

Annotations:
D:8 1 runed door


Innate Abilities, Weirdness & Mutations

You are too large for most types of armour.
You have claws for hands.
Your metabolism is lightning-fast.
You like to eat raw meat.
Your natural rate of healing is unusually fast.
You are covered in fur. (AC +1)
You have very tough skin. (AC +2)


Message History

You block the ten-headed hydra's attack.
The ten-headed hydra bites you but does no damage.
The ten-headed hydra barely misses you. The ten-headed hydra misses you.
You block the ten-headed hydra's attack. x2
The ten-headed hydra misses you. The ten-headed hydra bites you!
* * * LOW HITPOINT WARNING * * *
The ten-headed hydra misses you.
You tear one of the ten-headed hydra's heads off!
The nine-headed hydra grows two more!
You mangle the 11-headed hydra!!
The 11-headed hydra is moderately wounded.
The 11-headed hydra bites you!
* * * LOW HITPOINT WARNING * * *
You block the 11-headed hydra's attack.
The 11-headed hydra bites you but does no damage.
The 11-headed hydra bites you!
* * * LOW HITPOINT WARNING * * *
You block the 11-headed hydra's attack.
The 11-headed hydra bites you but does no damage.
The 11-headed hydra bites you!
You die...

##...............#....
#......+.#P#..(.†.P.#
#......#####.####P.+#
#####.+..# ### ####..
#.####...# #....#
#.#.###+.## ####...##
#.......P.# #..#+.D.#
#.....†...## #......##
#..÷..@D...# #.....#.#
#.........## ##........
#..........#.#.#....#..
#..........+.........##+
##.........P..###...##..
#.........###.##.......
##..#.####.# #......#.
##..## ## ##.....#.
#.#+#...


You could see a 11-headed hydra.

Vanquished Creatures
  2 two-headed ogres (D:8)
  A black mamba (Lair:3)
  A gargoyle (D:8)
  A torpor snail (Lair:2)
  A komodo dragon (Lair:1)
  Prince Ribbit (D:9)
  Grinder (D:3)
  5 hippogriffs
  4 blink frogs
  2 redbacks (Lair:3)
  Eustachio (D:6)
  9 yaks
  Edmund (D:6)
  3 porcupines (Lair:1)
  A water moccasin (Lair:1)
  2 ice beasts
  An orc warrior (D:6)
  3 sky beasts
  The ghost of supermoro the Slasher, an amateur MiGl (D:3)
  2 black bears (D:8)
  3 phantoms
  3 ogres
  A necrophage (D:6)
  2 centaurs (D:8)
  4 wolves (Lair:2)
  3 crocodiles (Lair:2)
  2 big kobolds (D:9)
  3 bullfrogs
  A gnoll sergeant (D:9)
  A scorpion (D:4)
  A wyvern skeleton (D:9)
  5 howler monkeys
  3 crimson imps
  4 hounds
  Crazy Yiuf (D:6)
  3 jellies
  2 centaur skeletons
  6 orc priests
  2 bullfrog skeletons (D:8)
  5 orc wizards
  6 worker ants
  3 iguanas
  A hound skeleton (D:6)
  A worker ant zombie (D:8)
  Robin (D:4)
  3 gnolls (D:9)
  A howler monkey skeleton (D:4)
  9 adders
  4 shadow imps
  3 adder skeletons
  2 worms (D:2)
  5 dart slugs
  2 leopard geckos
  24 orcs
  2 ball pythons
  5 giant cockroaches
  11 hobgoblins
  12 jackals
  12 kobolds
  4 quokkas
  A ball python skeleton (D:5)
  9 bats
  4 frilled lizards
  17 goblins
  A jackal skeleton (D:4)
  A leopard gecko skeleton (D:4)
  2 leopard gecko zombies
  A quokka skeleton (D:4)
  8 rats
253 creatures vanquished.

Vanquished Creatures (others)
  2 plants (Lair:3)
2 creatures vanquished.

Grand Total: 255 creatures vanquished

Notes
Turn   | Place    | Note
-------+----------+-------------------------------------------
     0 | D:1      | Kloppie the Troll Monk began the quest for the Orb.
     0 | D:1      | Reached XP level 1. HP: 22/22 MP: 0/0
   265 | D:1      | Reached XP level 2. HP: 29/29 MP: 1/1
   974 | D:2      | Reached XP level 3. HP: 37/37 MP: 2/2
  1051 | D:2      | Reached skill level 4 in Unarmed Combat
  1167 | D:2      | Reached XP level 4. HP: 26/45 MP: 3/3
  1488 | D:2      | Found a faded altar of an unknown god.
  1712 | D:3      | Found a glowing silver altar of Zin.
  1732 | D:3      | Noticed Grinder
  1738 | D:3      | Paralysed by Grinder for 3 turns
  1748 | D:3      | Paralysed by Grinder for 4 turns
  1755 | D:3      | Killed Grinder
  1755 | D:3      | Reached skill level 5 in Unarmed Combat
  1755 | D:3      | Reached XP level 5. HP: 20/55 MP: 4/4
  1755 | D:3      | Reached XP level 6. HP: 23/63 MP: 5/5
  1846 | D:3      | Noticed supermoro's ghost (amateur MiGl)
  1869 | D:3      | Killed supermoro's ghost
  2477 | D:4      | Reached skill level 5 in Fighting
  2477 | D:4      | Reached XP level 7. HP: 66/72 MP: 6/6
  2694 | D:4      | Noticed Robin
  2722 | D:4      | Killed Robin
  2842 | D:4      | Found a staircase to the Ecumenical Temple.
  2852 | Temple   | Entered the Ecumenical Temple
  3094 | Temple   | Became a worshipper of Warmaster Okawaru
  3094 | Temple   | Reached * piety under Okawaru
  3094 | Temple   | Reached ** piety under Okawaru
  3202 | D:4      | Found a bloodstained altar of Trog.
  3325 | D:5      | Entered Level 5 of the Dungeon
  3666 | D:5      | Reached XP level 8. HP: 83/83 MP: 7/7
  4081 | D:6      | Reached skill level 6 in Unarmed Combat
  4103 | D:6      | Noticed Edmund
  4119 | D:6      | Killed Edmund
  4119 | D:6      | Reached *** piety under Okawaru
  4145 | D:6      | Found Xigenara's Book Shoppe.
  4168 | D:6      | Reached skill level 5 in Dodging
  4502 | D:6      | Reached skill level 7 in Unarmed Combat
  4503 | D:6      | Noticed Eustachio
  4521 | D:6      | Killed Eustachio
  4570 | D:6      | Found a runed door.
  4691 | D:6      | Reached **** piety under Okawaru
  4821 | D:6      | Noticed Crazy Yiuf
  4826 | D:6      | Killed Crazy Yiuf
  5018 | D:7      | Reached XP level 9. HP: 81/89 MP: 8/8
  5647 | D:8      | Noticed a two-headed ogre
  5656 | D:8      | Killed a two-headed ogre
  5656 | D:8      | Reached skill level 8 in Unarmed Combat
  5659 | D:8      | Found a runed door.
  5717 | D:8      | Reached ***** piety under Okawaru
  5746 | D:8      | Reached skill level 9 in Unarmed Combat
  5834 | D:8      | Reached skill level 1 in Invocations
  5911 | D:8      | Noticed a two-headed ogre
  5923 | D:8      | Killed a two-headed ogre
  5923 | D:8      | Received a gift from Okawaru
  5923 | D:8      | Reached XP level 10. HP: 30/98 MP: 9/11
  6023 | D:8      | Found a runed door.
  6066 | D:8      | Noticed a gargoyle
  6076 | D:8      | Killed a gargoyle
  6779 | D:9      | Noticed Prince Ribbit
  6797 | D:9      | Killed Prince Ribbit
  6797 | D:9      | Reached skill level 5 in Invocations
  7035 | D:9      | Found a staircase to the Lair.
  7325 | Lair:1   | Entered Level 1 of the Lair of Beasts
  7373 | Lair:1   | Received a gift from Okawaru
  7374 | Lair:1   | Got a warped shield {god gift}
  7380 | Lair:1   | Identified the +6 shield of Repulsion {-Cast rPois MR++ Regen+} (Okawaru gifted it to you on level 1 of the Lair of Beasts)
  7398 | Lair:1   | Reached skill level 1 in Shields
  8162 | Lair:2   | Reached XP level 11. HP: 75/107 MP: 14/14
  8446 | Lair:2   | Reached skill level 5 in Shields
  8933 | Lair:3   | Found a hole to the Spider Nest.
  9053 | Lair:3   | Noticed a six-headed hydra
  9122 | Lair:3   | HP: 4/107 [seven-headed hydra (3)]
  9125 | Spider:1 | Entered Level 1 of the Spider Nest
  9125 | Spider:1 | Noticed a wolf spider
  9320 | Lair:3   | Slain by an 11-headed hydra

Skill      XL: |  1  2  3  4  5  6  7  8  9 10 11 |
---------------+----------------------------------+-----
Fighting       | 3 4 5 6 |  6.7
Unarmed Combat | 4 5 7 9 |  9.0
Dodging        | 4 6 7 8 |  8.6
Invocations    | 3 5 |  5.7
Shields        | 4 6 |  6.8
Stealth        | |  1.0

Action                   |  1- 3 |  4- 6 |  7- 9 | 10-12 || total
-------------------------+-------+-------+-------+-------++-------
Melee: Unarmed           |    82 |   125 |   321 |   370 ||   898
       Punch             |       |     2 |     8 |     9 ||    19
  Use: Potion            |       |     4 |     1 |     1 ||     6
       Scroll            |       |       |    14 |     4 ||    18
 Stab: Sleeping          |     2 |       |     3 |     1 ||     6
  Eat: Chunk             |    16 |     9 |    35 |    31 ||    91
Armor: Robe              |    44 |    54 |    75 |    71 ||   244
Dodge: Dodged            |    50 |    64 |   165 |   200 ||   479
Block: Shield            |       |       |       |   179 ||   179
